 Dungeon Crawl Stone Soup version 0.28.0-45-g0d030f2227 (webtiles) character file.

Game seed: 15452575484008972879

1232 zeratav the Insei (level 8, 0/54 HPs)
             Began as an Octopode Transmuter on Apr 13, 2022.
             Was an Initiate of Ashenzari.
             Slain by a hornet zombie (11 damage)
             ... on level 6 of the Dungeon.
             The game lasted 00:10:54 (6798 turns).

zeratav the Insei (Octopode Transmuter)             Turns: 6798, Time: 00:10:55

Health: 0/54       AC:  1    Str: 10    XL:     8   Next: 48%
Magic:  10/11      EV: 15    Int: 15    God:    Ashenzari [......]
Gold:   213        SH:  0    Dex: 14    Spells: 7/11 levels left

rFire   . . .      SeeInvis .   i - +4 dagger (venom) {short}
rCold   . . .      Faith    .   (no shield)
rNeg    . . .      Spirit   .   (helmet restricted)
rPois   .          Reflect  .   (no amulet)
rElec   .          Harm     .   p - ring "Manifest Regret" {Will+, Melee, Cun} (curse)
rCorr   .          Rampage  .   (no ring)
Will    +....                   (no ring)
Stlth   ++++......              (no ring)
HPRegen 0.18/turn               (no ring)
MPRegen 0.12/turn               (no ring)
                                (no ring)
                                (no ring)

@: no status effects
A: almost no armour, amphibious, 8 rings, camouflage 1, gelatinous body 1,
(nimble swimmer 1), tentacles
a: Renounce Religion, Shatter the Chains


You were on level 6 of the Dungeon.
You worshipped Ashenzari.
Ashenzari was noncommittal.
You visited 2 branches of the dungeon, and saw 7 of its levels.
You also visited: Sewer.

You collected 213 gold pieces.


Innate Abilities, Weirdness & Mutations

You cannot wear most types of armour.
You are amphibious.
You can wear up to eight rings at the same time.
Your skin changes colour to match your surroundings (Stealth+).
Your rubbery body absorbs attacks. (AC +1, EV +1)
((You are camouflaged when in or above water. (Stealth+)))
You have tentacles for arms and can constrict up to eight enemies at once.


   Skills:
 + Level 4.5 Fighting
 + Level 4.9(5.3) Dodging
 - Level 4.7(5.1) Stealth
 * Level 7.2(7.7) Unarmed Combat
 - Level 2.0 Spellcasting
 - Level 2.0 Transmutations


You had 7 spell levels left.
You knew the following spells:

 Your Spells              Type           Power      Damage    Failure   Level
a - Beastly Appendage     Tmut           14%        N/A       10%         1
b - Spider Form           Tmut/Pois      4%         N/A       41%         3

Your spell library contained the following spells:

 Spells                   Type           Power      Damage    Failure   Level
 Wereblood                Tmut           7%         N/A       14%         2
 Inner Flame              Hex/Fire       1%         N/A       54%         3
 Ice Form                 Ice/Tmut       4%         N/A       82%         4
 Cause Fear               Hex            0%         N/A       91%         4
 Discord                  Hex            0%         N/A       100%        8

Inventory:

Hand Weapons
 a - a +2 dagger of speed {short}
   (You found it on level 1 of the Dungeon)
 i - a +4 dagger of venom (weapon) {short}
   (You took it off a kobold on level 2 of the Dungeon)
Missiles
 m - 6 silver javelins {throwing}
 s - 2 curare-tipped darts {=fthrowing}
Jewellery
 p - the cursed ring "Manifest Regret" (left tentacle) {Will+, Melee, Cun}
   (You found it on level 4 of the Dungeon)

   [ring of willpower]

   Will:      It increases your willpower.
   It has a curse which improves the following skills: Melee Combat: Short
   Blades, Long Blades, Axes, Maces & Flails, Polearms, Staves and Unarmed
   Combat.
   Cunning:   Dodging and Stealth.
Scrolls
 b - 2 scrolls of immolation {unknown}
 c - 12 scrolls of teleportation {unknown}
 e - 4 scrolls of identify {unknown}
 g - 3 scrolls of fear {unknown}
 h - a scroll of silence {unknown}
 j - 2 scrolls of enchant weapon {unknown}
 q - a scroll of amnesia {unknown}
 x - a scroll of noise {unknown}
Potions
 d - 2 potions of degeneration {unknown}
 f - 4 potions of curing {unknown}
 k - a potion of attraction {unknown}
 l - a potion of flight {unknown}
 n - a potion of cancellation {unknown}
 o - 3 potions of haste {unknown}
 r - a potion of might {unknown}
 t - 2 potions of mutation {unknown}
 u - 2 potions of heal wounds {unknown}
 v - a potion of magic {unknown}
 w - a potion of invisibility {unknown}

Dungeon Overview and Level Annotations

Branches:
Dungeon (6/15)             Temple (1/1) D:4           Sewer (visited)

Altars:
Ashenzari
Cheibriados
Dithmenos
Elyvilon
Fedhas
Gozag
Hepliaklqana
Kikubaaqudgha
Makhleb
Nemelex Xobeh
Okawaru
Qazlal
Ru
Sif Muna
Trog
Uskayaw
Vehumet
Wu Jian
Xom
Yredelemnul
Zin
The Shining One

Shops:
D:4 *[*

Annotations:
D:4 1 runed translucent door, Crazy Yiuf

## .#
#.# ..
##.##
#Z..#
#@..#
#...#
#...#
#...#
#...#
#..<#
#....
..###.


You could see a hornet zombie.


Message History

MP[-3]
You lost 3 mp, and now have 8/11 mp.
You hit the black bear.
The black bear bites you but does no damage.
The black bear completely misses you. x2
You hit the black bear. The black bear misses you. The black bear claws you.
The black bear misses you.
HP[-4]
You take 4 damage, and now have 50/54 hp.
You hit the black bear.
The black bear is poisoned.
You hit the black bear.
The black bear looks as sick as possible!
Your transformation is almost over.
The black bear closely misses you. The black bear misses you. x2
You bite the black bear!
You kill the black bear!
HP[+1] No target in view!
You see here a black bear corpse.
MP[+1]
You start resting.
Your transformation has ended.
Your +4 dagger of venom {short} unmelds from your body.
Your +4 dagger of venom {short} begins to drip with poison!
HP[+1]
You start resting.
HP[+2] MP[+1]
Your hp is fully restored (54).
You start resting.
MP[+1]
Your mp is fully restored (11).
Done exploring.
Done exploring.
Done exploring.
(D) Dungeon (T) Temple
Where to? (Enter - D:5, ? - help)
There is a stone staircase leading down here.
You climb downwards.
Found a stone staircase leading up.
There is a stone staircase leading up here.
A hornet zombie is nearby!
Casting: Spider Form (quite dangerous; 41% risk of failure)
Confirm with . or Enter, or press ? or * to list all spells.
The spell is quite dangerous to miscast (41% risk of failure)!
Continue anyway?
You turn into a venomous arachnid creature.
Your +4 dagger of venom {short} melds into your body.
Your +4 dagger of venom {short} stops dripping with poison.
MP[-3]
You lost 3 mp, and now have 8/11 mp.
Your transformation is almost over.
You barely miss the hornet zombie. The hornet zombie hits you!
HP[-8]
You take 8 damage, and now have 46/54 hp.
You hit the hornet zombie. The hornet zombie barely misses you.
You hit the hornet zombie. The hornet zombie barely misses you.
The hornet zombie closely misses you.
You hit the hornet zombie. The hornet zombie misses you.
You barely miss the hornet zombie. The hornet zombie barely misses you.
You hit the hornet zombie but do no damage.
The hornet zombie hits you.
HP[-5]
You take 5 damage, and now have 41/54 hp.
You hit the hornet zombie but do no damage.
The hornet zombie completely misses you.
MP[+1]
You hit the hornet zombie but do no damage.
The hornet zombie completely misses you.
You hit the hornet zombie.
The hornet zombie completely misses you.
You barely miss the hornet zombie. The hornet zombie closely misses you.
You hit the hornet zombie but do no damage.
The hornet zombie closely misses you.
You hit the hornet zombie but do no damage.
Your transformation has ended.
Your +4 dagger of venom {short} unmelds from your body.
Your +4 dagger of venom {short} begins to drip with poison!
The hornet zombie hits you!
HP[-11]
You take 11 damage, and now have 30/54 hp.
MASSIVE DAMAGE!! (PAUSE)
You barely miss the hornet zombie. You grab the hornet zombie.
You constrict the hornet zombie, but do no damage.
The hornet zombie hits you!
* * * LOW HITPOINT WARNING * * *
The hornet zombie misses you.
HP[-13]
You take 13 damage, and now have 17/54 hp.
MASSIVE DAMAGE!! (PAUSE)
You hit the hornet zombie.
You constrict the hornet zombie, but do no damage.
The hornet zombie hits you.
* * * LOW HITPOINT WARNING * * *
HP[-6]
You take 6 damage, and now have 11/54 hp.
You hit the hornet zombie. You constrict the hornet zombie.
The hornet zombie barely misses you.
You hit the hornet zombie but do no damage.
You squeeze the hornet zombie, but do no damage.
You constrict the hornet zombie. The hornet zombie hits you!
You die...

Skill      XL: |  1  2  3  4  5  6  7  8 |
---------------+-------------------------+-----
Stealth        | 1 2 3 4 |  4.7
Unarmed Combat | 4 5 6 7 |  7.2
Fighting       | 2 3 4 |  4.5
Dodging        | 3 4 |  4.9
Spellcasting   | |  2.0
Transmutations | |  2.0

Action                   |  1- 3 |  4- 6 |  7- 9 || total
-------------------------+-------+-------+-------++-------
Melee: Unarmed           |     8 |    14 |    57 ||    79
       Tentacles         |    22 |    22 |     5 ||    49
       Dagger            |    81 |   118 |    30 ||   229
       Constrict         |    22 |    27 |     6 ||    55
       Kick              |    19 |    19 |       ||    38
       Punch             |     3 |     4 |       ||     7
 Cast: Beastly Appendage |    17 |    30 |       ||    47
       Spider Form       |       |     3 |    10 ||    13
Invok: Curse Item        |       |     1 |       ||     1
 Stab: Sleeping          |     4 |    11 |    11 ||    26
Armor: Skin              |     4 |     4 |     3 ||    11
Dodge: Dodged            |    58 |    72 |    63 ||   193

Levels and vault maps discovered:
D:1:      lemuel_arrival_lava_pool, layout_rooms
D:2:      layout_basic, hellmonk_ecumenical_altar_crossroads, interstate_on_off,
          minmay_tiny_reverse_x
D:3:      layout_rooms, tgw_kikubaaqudgha
D:4:      layout_basic, minmay_temple_entry_junction, serial_shops,
          nicolae_shop_behind_doors, shop, shop, kennysheep_small_circle,
          uniq_crazy_yiuf_cottage
D:5:      layout_cave_pools, portal_sewer_entry_d, hex_tiny, uniq_blork_the_orc
D:6:      layout_loops_cross, gammafunk_ghost_nasty_kobolds,
          chequers_hall_statues_y, minivault_14, hellmonk_guarded_unrand_lears,
          uniq_maggie, uniq_grinder
Temple:   minmay_crystal_snake_temple

Notes
Turn   | Place    | Note
-------+----------+-------------------------------------------
     0 | D:1      | zeratav the Octopode Transmuter began the quest for the
                  | Orb.
     0 | D:1      | Reached XP level 1. HP: 13/13 MP: 3/3
     0 | D:1      | magus.rc [v1.9.6]
   195 | D:1      | Reached XP level 2. HP: 18/18 MP: 3/5
   196 | D:1      | Reached skill level 1 in Stealth
   501 | D:1      | Reached XP level 3. HP: 16/23 MP: 4/6
   881 | D:1      | You pick up a book of Hexes and begin reading...
   881 | D:1      | You add the spells Inner Flame, Cause Fear and Discord to
                  | your library.
  1285 | D:2      | Found a faded altar of an unknown god.
  1292 | D:2      | Reached skill level 2 in Stealth
  1292 | D:2      | Reached XP level 4. HP: 19/29 MP: 5/7
  1538 | D:2      | Reached skill level 4 in Unarmed Combat
  1824 | D:2      | Reached skill level 2 in Fighting
  2400 | D:3      | Reached XP level 5. HP: 29/34 MP: 6/8
  2804 | D:3      | Learned a level 3 spell: Spider Form
  2824 | D:3      | Reached skill level 3 in Dodging
  2824 | D:3      | HP: 4/35 [orc/+0 flail (10)]
  2836 | D:3      | HP: 4/35 [orc/+0 dagger (2)]
  3406 | D:3      | Found an ancient bone altar of Kikubaaqudgha.
  3407 | D:3      | Noticed a human
  3410 | D:3      | Killed a human
  3443 | D:4      | Reached skill level 3 in Stealth
  3517 | D:4      | Found a staircase to the Ecumenical Temple.
  3694 | Temple   | Entered the Ecumenical Temple
  3881 | Temple   | Became a worshipper of Ashenzari the Shackled
  3947 | D:4      | Found Qiozyabb's General Store.
  3976 | D:4      | Found Fipryaxu's Armour Boutique.
  3986 | D:4      | Found Qobar's Assorted Antiques.
  4180 | D:4      | Found a runed translucent door.
  4181 | D:4      | Noticed Crazy Yiuf
  4240 | D:4      | HP: 2/35 [hornet zombie (13)]
  4242 | D:4      | Reached skill level 5 in Unarmed Combat
  4242 | D:4      | Reached XP level 6. HP: 3/41 MP: 2/9
  4888 | D:5      | Entered Level 5 of the Dungeon
  4949 | D:5      | Noticed Blork the orc
  4959 | D:5      | Found a glowing drain.
  4976 | Sewer    | Entered a sewer
  5021 | Sewer    | Reached skill level 3 in Fighting
  5024 | Sewer    | Reached skill level 4 in Stealth
  5149 | Sewer    | Reached XP level 7. HP: 32/46 MP: 10/10
  5849 | D:5      | Reached skill level 4 in Dodging
  5849 | D:5      | Reached skill level 6 in Unarmed Combat
  6147 | D:5      | Killed Blork the orc
  6148 | D:5      | Reached XP level 8. HP: 54/54 MP: 7/11
  6154 | D:5      | Reached skill level 4 in Fighting
  6575 | D:5      | Reached skill level 7 in Unarmed Combat
  6796 | D:6      | HP: 11/54 [hornet zombie (6)]
  6798 | D:6      | Slain by a hornet zombie

Vanquished Creatures
  A water moccasin (D:5)
  A black bear (D:5)
  A hornet zombie (D:4)
  An ogre (D:5)
  A necrophage (D:5)
  3 kobold brigands (Sewer)
  Blork the orc (D:5)
  A scorpion (D:5)
  2 hounds (D:5)
  A centaur skeleton (D:5)
  An orc priest (D:3)
  An iguana (D:5)
  3 hound skeletons
  10 adders
  A howler monkey skeleton (D:5)
  A river rat (Sewer)
  An ufetubus (D:4)
  An adder skeleton (D:4)
  4 worms (Sewer)
  6 dart slugs
  9 orcs
  10 ball pythons
  2 bats
  9 endoplasms
  4 giant cockroaches
  A goblin (D:2)
  8 hobgoblins
  11 jackals (D:1)
  8 quokkas
  3 frilled lizards (D:1)
  12 kobolds
  12 rats
131 creatures vanquished.

Vanquished Creatures (others)
  A human (D:3)
1 creature vanquished.

Grand Total: 132 creatures vanquished

Table legend:
 A = Non-vault XP
 B = Vault XP
 C = Vault XP percentage of total XP
 D = Non-vault monster count
 E = Vault monster count
 F = Vault count percentage of total count
                 A         B        C        D         E       F
            +---------+---------+-------+---------+---------+-------
      Total |    1252 |     508 |  28.9 |     108 |      23 |  17.6
            +---------+---------+-------+---------+---------+-------
        D:1 |      69 |       0 |   0.0 |      38 |       0 |   0.0
        D:2 |      72 |       6 |   7.7 |      22 |       2 |   8.3
        D:3 |      99 |       0 |   0.0 |      19 |       0 |   0.0
        D:4 |     179 |      13 |   6.8 |      12 |       1 |   7.7
        D:5 |     833 |     107 |  11.4 |      17 |       2 |  10.5
      Sewer |       0 |     382 | 100.0 |       0 |      18 | 100.0
            +---------+---------+-------+---------+---------+-------

Illustrated notes

Table legend:
 A = Kills in this place as a percentage of kills in entire the game.
 B = Kills by you in this place as a percentage of kills by you in the entire game.
 C = Kills by friends in this place as a percentage of kills by friends in the entire game.
 D = Other kills in this place as a percentage of other kills in the entire game.
 E = Experience gained in this place as a percentage of experience gained in the entire game.
 F = Experience gained in this place divided by the number of levels of this place that you have seen.
                   A       B       C       D       E      F
               +-------+-------+-------+-------+-------+----------------------
         Total | 100.0 | 100.0 |   N/A |   N/A | 100.0 | 220.0
       Dungeon |  86.3 |  86.3 |   N/A |   N/A |  78.3 | 229.7
         Sewer |  13.7 |  13.7 |   N/A |   N/A |  21.7 | 382.0
               +-------+-------+-------+-------+-------+----------------------

Table legend: (Time is in decaauts)
 A = Elapsed time spent in this place.
 B = Non-inter-level travel time spent in this place.
 C = Inter-level travel time spent in this place.
 D = Time resting spent in this place.
 E = Time spent auto-exploring this place.
 F = Levels seen in this place.
 G = Mean time per level.
                   A        B        C        D        E       F      G
               +--------+--------+--------+--------+--------+-----+--------+
         Total |   6754 |   6564 |    190 |   1807 |   3509 |   8 |  844.2 |
       Dungeon |   5791 |   5640 |    151 |   1318 |   3331 |   6 |  965.2 |
        Temple |    220 |    182 |     38 |      0 |    163 |   1 |  220.0 |
         Sewer |    742 |    742 |      0 |    489 |     15 |   1 |  742.0 |
               +--------+--------+--------+--------+--------+-----+--------+

Top non-repeatable levels by time:
     D:4: 1227 daAuts
     D:2: 1193 daAuts
     D:5: 1146 daAuts
     D:3: 1122 daAuts
     D:1: 1085 daAuts
   Sewer: 742 daAuts
  Temple: 220 daAuts
     D:6: 15 daAuts
